 Dungeon Crawl Stone Soup version 0.19-a0 (webtiles) character file.

200 Loki the Ruffian (level 5, -2/53 HPs)
             Began as a Troll Monk on Apr 27, 2016.
             Slain by an orc
             ... wielding a +2 war axe of chopping
              (7 damage)
             ... on level 4 of the Dungeon.
             The game lasted 00:19:18 (2376 turns).

Loki the Ruffian (Troll Monk)                       Turns: 2376, Time: 00:19:19

Health: -2/53      AC:  5    Str: 19    XL:     5   Next: 48%
Magic:  4/4        EV: 10    Int:  7    God:
Gold:   74         SH:  0    Dex: 12    Spells: 0 memorised, 4 levels left

rFire  + . .     SeeInvis .       - Unarmed
rCold  x . .     Gourm    +     a - +0 robe
rNeg   . . .     Faith    .     (no shield)
rPois  .         Spirit   .     (helmet restricted)
rElec  .         Dismiss  .     (no cloak)
rCorr  .         Reflect  .     (gloves unavailable)
SustAt .         Harm     .     (boots unavailable)
MR     .....                    (no amulet)
Stlth  ++........               u - ring of stealth
                                q - ring of fire

@: not resistant to hostile enchantments, unstealthy
A: unfitting armour, claws 3, fast metabolism 3, gourmand, regeneration 2,
shaggy fur 1, tough skin 2
a: no special abilities


You were on level 4 of the Dungeon.
You were not hungry.

You visited 1 branch of the dungeon, and saw 4 of its levels.

You collected 74 gold pieces.

Inventory:

Hand Weapons
 o - a +0 blowgun
Missiles
 c - 2 tomahawks (quivered)
 j - 22 sling bullets
 n - 43 poisoned needles
Armour
 a - a +0 robe (worn)
Jewellery
 q - a ring of fire (left claw)
 u - a ring of stealth (right claw)
Wands
 k - a wand of flame (22/48)
 s - a wand of flame (5/48)
Scrolls
 d - a scroll of identify {unknown}
 f - a scroll of immolation {unknown}
 h - 4 scrolls of teleportation {unknown}
 l - a scroll of remove curse {unknown}
 m - a scroll of recharging {unknown}
 p - a scroll of magic mapping {unknown}
Potions
 e - a potion of heal wounds {unknown}
 g - a potion of beneficial mutation {unknown}
 i - 2 potions of mutation {unknown}
 t - a potion of brilliance {unknown}
Comestibles
 b - 3 bread rations
 r - a meat ration


   Skills:
 + Level 3.3 Fighting
 - Level 2.4 Dodging
 - Level 1.1 Stealth
 * Level 6.2 Unarmed Combat


You had 4 spell levels left.
You didn't know any spells.

Dungeon Overview and Level Annotations

Branches:
Dungeon (4/15)
 Temple: D:4-7

Altars:
Okawaru
Pakellas
Vehumet


Innate Abilities, Weirdness & Mutations

You are too large for most types of armour.
You have claws for hands.
Your metabolism is lightning-fast.
You like to eat raw meat.
You heal very quickly.
You are covered in fur (AC +1).
You have very tough skin (AC +2).


Message History

Unknown command.
You barely miss the orc wizard.
The orc wizard is severely wounded.
The orc wizard hits you but does no damage.
Unknown command.
You closely miss the orc wizard.
The orc wizard is severely wounded.
The orc misses you. The orc barely misses you.
The orc wizard closely misses you.
Unknown command.
You scratch the orc wizard.
You kill the orc wizard!
The orc misses you.
The orc hits you with a war axe of chopping!
* * * LOW HITPOINT WARNING * * *
x2 Unknown command.
You scratch the orc.
The orc is severely wounded.
The orc hits you with a war axe of chopping!
You die...

##### ###....##
....#
#...##..######..
###.#
#..#...........#
#..#..#.....#..#
##..#.#.....#..
#..#...#....##.
##...#..#.......
#....#o...#.....
#....@#.........
#.#...#.)).##...
# #....#........
.....#.##...##.
###.#.... ##....
#.##.... ##.. #.
.#.... # ..#.##
... .


You could see an orc.

Vanquished Creatures
  2 orc wizards (D:4)
  7 adders
  An ooze (D:3)
  2 worms (D:3)
  A giant gecko (D:4)
  2 orcs
  3 ball pythons
  6 bats
  A giant cockroach (D:3)
  10 goblins
  8 hobgoblins
  9 jackals
  3 quokkas
  2 giant newts (D:2)
  5 kobolds
  8 rats
70 creatures vanquished.

Notes
Turn   | Place    | Note
--------------------------------------------------------------
     0 | D:1      | Loki the Troll Monk began the quest for the Orb.
     0 | D:1      | Reached XP level 1. HP: 22/22 MP: 0/0
   164 | D:1      | Reached XP level 2. HP: 29/29 MP: 1/1
   598 | D:2      | Reached XP level 3. HP: 25/36 MP: 2/2
   619 | D:2      | Found an oddly glowing altar of Pakellas.
   651 | D:2      | Reached skill level 5 in Unarmed Combat
  1433 | D:3      | Reached XP level 4. HP: 42/44 MP: 3/3
  2205 | D:4      | Found a radiant altar of Vehumet.
  2249 | D:4      | Found an iron altar of Okawaru.
  2293 | D:4      | Reached XP level 5. HP: 39/53 MP: 4/4
  2358 | D:4      | Reached skill level 6 in Unarmed Combat
  2376 | D:4      | Slain by an orc

Vault maps used:
D:1:      minmay_arrival_stone_box, serial_forest, infiniplex_forest_straight_2,
          infiniplex_forest_lined_1, infiniplex_forest_corner_1,
          infiniplex_forest_lined_room_2, infiniplex_forest_end_1,
          infiniplex_forest_clump_medium, infiniplex_forest_corner_2
D:2:      grunt_pakellas_basics
D:4:      minmay_goblin_kobold_castle, tso_metal_star, vehumet_altar_wand_db,
          nicolae_ru_great_annihilating_truth, kennysheep_little_box,
          hangedman_decor_peaks_small, uniq_pikel

Skill      XL: |  1  2  3  4  5 |
---------------+----------------+-----
Unarmed Combat | 5 6 |  6.2
Fighting       | 3 |  3.3
Dodging        | |  2.4
Stealth        | |  1.1

Action                   |  1- 3 |  4- 6 || total
-------------------------+-------+-------++-------
Melee: Unarmed           |    90 |    96 ||   186
       Punch             |     2 |     1 ||     3
 Stab: Sleeping          |     2 |       ||     2
       Distracted        |       |     1 ||     1
  Eat: Chunk             |    11 |    11 ||    22
Armor: Robe              |    41 |    30 ||    71
Dodge: Dodged            |    29 |    45 ||    74
